 Dungeon Crawl Stone Soup version 0.20.0-15-g7f486f2 (webtiles) character file.

107 Darkins the Slasher (level 5, 0/39 HPs)
             Began as a Human Gladiator on June 17, 2017.
             Slain by an orc wizard
             ... wielding a +0 dagger
              (1 damage)
             ... on level 3 of the Dungeon.
             The game lasted 00:08:54 (2112 turns).

Darkins the Slasher (Human Gladiator)               Turns: 2112, Time: 00:08:54

Health: 0/39       AC:  4    Str: 13 (15) XL:     5   Next: 10%
Magic:  5/5        EV: 13    Int:  6 (8)  God:
Gold:   89         SH:  0    Dex: 14 (15) Spells: 4/4 levels left

rFire    . . .     SeeInvis .   a - +0 long sword
rCold    . . .     Gourm    .   (no shield)
rNeg     . . .     Faith    .   b - +0 leather armour
rPois    .         Spirit   .   c - +0 helmet
rElec    .         Reflect  .   (no cloak)
rCorr    .         Harm     .   (no gloves)
MR       .....                  (no boots)
Stlth    +.........             (no amulet)
Regen    0.2/turn               (no ring)
MPRegen  0.1/turn               (no ring)

@: hasted, very quick
A: no striking features
a: no special abilities


You were on level 3 of the Dungeon.
You were near starving.

You visited 1 branch of the dungeon, and saw 3 of its levels.

You collected 89 gold pieces.

Inventory:

Hand Weapons
 a - a +0 long sword (weapon)
Missiles
 d - 3 throwing nets (quivered)
 m - 6 tomahawks
 p - 16 arrows
Armour
 b - a +0 leather armour (worn)
 c - a +0 helmet (worn)
Jewellery
 n - an uncursed amulet of harm {unknown}
Scrolls
 e - a scroll of blinking {unknown}
 h - a scroll of magic mapping {unknown}
 i - 4 scrolls of recharging {unknown}
 j - 4 scrolls of remove curse {unknown}
 l - 3 scrolls of identify {unknown}
 q - a scroll of amnesia {unknown}
Comestibles
 f - 2 bread rations
 g - 2 meat rations


   Skills:
 + Level 2.4 Fighting
 + Level 4.3 Long Blades
 + Level 2.2 Throwing
 + Level 1.3 Armour
 + Level 3.6 Dodging


You had 4 spell levels left.
You didn't know any spells.

Dungeon Overview and Level Annotations

Branches:
Dungeon (3/15)

Altars:
Elyvilon
Makhleb


Message History

The orc wizard barely misses you.
You riposte.
You barely miss the orc wizard.
The orc wizard is heavily wounded.
The orc wizard gestures at you while chanting.
The magic dart hits you!
* * * LOW HITPOINT WARNING * * *
It was a potion of haste.
You feel yourself speed up. The orc wizard closely misses you.
You barely miss the orc wizard.
The orc wizard is heavily wounded.
The orc wizard hits you with a dagger.
* * * LOW HITPOINT WARNING * * *
You closely miss the orc wizard.
The orc wizard is heavily wounded.
The orc wizard is no longer moving quickly.
The orc wizard casts a cantrip, but nothing happens.
The orc wizard gestures at you while chanting.
The magic dart hits you!
* * * LOW HITPOINT WARNING * * *
The orc wizard hits you with a dagger.
You die...

##### #...##### #...#...#
#######...#...#.......
#....##o......#.......
#8...8##....@oo......#....[?.
##.....##....##..)....#.......
#_....._#....##.......#.......
#.....#########......# ......
#8...8#########......###..###
##8## #.............'.......
#########...(.........###.....
#..'...................##.....
#.##...............#..........


You could see an orc wizard and 2 orcs.

Vanquished Creatures
  An orc wizard (D:3)
  2 adders
  3 dart slugs
  A leopard gecko (D:2)
  5 orcs (D:3)
  2 ball pythons
  3 bats
  3 giant cockroaches
  13 goblins
  3 hobgoblins
  3 frilled lizards
  4 kobolds
  5 rats
48 creatures vanquished.

Notes
Turn   | Place    | Note
-------+----------+-------------------------------------------
     0 | D:1      | Darkins the Human Gladiator began the quest for the Orb.
     0 | D:1      | Reached XP level 1. HP: 16/16 MP: 1/1
   245 | D:1      | Reached XP level 2. HP: 22/22 MP: 2/2
   610 | D:1      | Reached XP level 3. HP: 21/27 MP: 3/3
  1082 | D:2      | Reached XP level 4. HP: 14/33 MP: 4/4
  1732 | D:3      | Reached skill level 4 in Long Blades
  1741 | D:3      | Reached skill level 1 in Armour
  1915 | D:3      | Found a burning altar of Makhleb.
  1919 | D:3      | Found a white marble altar of Elyvilon.
  2092 | D:3      | Reached XP level 5. HP: 28/39 MP: 5/5
  2110 | D:3      | HP: 1/39 [orc wizard/magic dart (2)]
  2112 | D:3      | Slain by an orc wizard

Skill      XL: |  1  2  3  4 |
---------------+-------------+-----
Long Blades    | 4 |  4.3
Armour         | 1 |  1.3
Fighting       | |  2.4
Throwing       | |  2.2
Dodging        | |  3.6

Action                   |  1- 3 |  4- 6 || total
-------------------------+-------+-------++-------
Melee: Long sword        |    76 |    63 ||   139
  Use: Potion            |       |     3 ||     3
  Eat: Chunk             |       |     2 ||     2
Armor: Leather armour    |    27 |    19 ||    46
Dodge: Dodged            |    64 |    50 ||   114
       Rpst.: Long sword |    17 |    14 ||    31
